 Dungeon Crawl Stone Soup version 0.30-a0-1016-gfb0d676c02 (webtiles) character file.

Game seed: 3736875719670184564

28 cheesebisquit the Conjurer (level 3, -1/19 HPs)
             Began as a Gargoyle Conjurer on Apr 6, 2023.
             Slain by Ijyb
             ... wielding a +0 dagger
              (6 damage)
             ... on level 2 of the Dungeon.
             The game lasted 00:03:56 (1105 turns).

cheesebisquit the Conjurer (Gargoyle Conjurer)      Turns: 1105, Time: 00:03:57

Health: -1/19      AC:  0    Str: 10    XL:     3   Next: 12%
Magic:  1/6        EV: 13    Int: 20    God:
Gold:   107        SH:  0    Dex:  8    Spells: 5/6 levels left

rFire   . . .      SeeInvis .    f - melded +0 mace
rCold   . . .      Faith    .    (shield currently unavailable)
rNeg    + . .      Spirit   .    a - melded +0 robe
rPois   ∞          Reflect  .    h - melded +0 helmet
rElec   .          Rampage  .    (cloak currently unavailable)
rCorr   .                        (gloves currently unavailable)
Will    .....                    (boots currently unavailable)
Stlth   ++                       (no amulet)
HPRegen 0.23/turn                (ring currently unavailable)
MPRegen 0.10/turn                (ring currently unavailable)

@: pig-form, very quick
A: fast, no casting, sickness immunity, AC +3, small, negative energy resistance
1, (electricity resistance), torment resistance 1, petrification resistance
a: no special abilities


You were on level 2 of the Dungeon.
You were a filthy swine.
You visited 1 branch of the dungeon, and saw 2 of its levels.

You collected 107 gold pieces.

Inventory:

Hand Weapons
 f - a +0 mace (melded)
Armour
 a - a +0 robe (melded)
 h - a +0 helmet (melded)
Scrolls
 c - 3 scrolls of identify {unknown}
 d - 6 scrolls of teleportation {unknown}
 j - a scroll of poison {unknown}
Potions
 e - 4 potions of curing {unknown}
 g - a potion of might {unknown}
 i - a potion of brilliance {unknown}
 k - a potion of heal wounds {unknown}


   Skills:
 - Level 1.5 Dodging
 - Level 2.1 Stealth
 + Level 2.4 Spellcasting
 * Level 5.1 Conjurations


You had 5 spell levels left.
You knew the following spells:

 Your Spells              Type           Power      Damage    Failure   Level
a - Magic Dart            Conj           92%        1d7       1%          1

Your spell library contained the following spells:

 Spells                   Type           Power      Damage    Failure   Level
 Searing Ray              Conj           46%        2d6       2%          2
 Dazzling Flash           Conj/Hex       24%        N/A       16%         3
 Fulminant Prism          Conj/Hex       6%         3d7       45%         4
 Iskenderun's Mystic Bla  Conj/Tloc      12%        2d5       45%         4


Dungeon Overview and Level Annotations

Branches:
Dungeon (2/15)

Altars:

Annotations:
D:2 Ijyb


Innate Abilities, Weirdness & Mutations

You are a filthy swine.
You move quickly.
Your equipment is almost entirely melded.
You are incapable of wielding weapons or throwing items.
You cannot cast spells.
You are immune to sickness and miasma.
((Your stone body is resilient. (AC +3)))
You are immune to poison.
You resist negative energy. (rN+)
((You are resistant to electric shocks. (rElec)))
You are resistant to unholy torment.
You are immune to petrification.


Message History

Aim: Ijyb, wielding a +0 dagger, wearing a +0 ring mail and carrying a wand of polymorph (9) (fast, 100% to hit)
The magic dart hits Ijyb but does no damage.
Ijyb hits you with a +0 dagger.
Aiming: Magic Dart (safe; 1% risk of failure)
Press: ? - help, Q - select action Shift-Dir - straight line, f/p - Ijyb
Aim: Ijyb, wielding a +0 dagger, wearing a +0 ring mail and carrying a wand of polymorph (9) (fast, 100% to hit)
The magic dart hits Ijyb.
Ijyb is lightly wounded.
Ijyb zaps a wand.
You resist with significant effort.
Ijyb zaps a wand.
You resist with significant effort.
Aiming: Magic Dart (safe; 1% risk of failure)
Press: ? - help, Q - select action Shift-Dir - straight line, f/p - Ijyb
Aim: Ijyb, wielding a +0 dagger, wearing a +0 ring mail and carrying a wand of polymorph (7) (lightly wounded, fast, 100% to hit)
The magic dart hits Ijyb but does no damage.
Ijyb is lightly wounded.
Ijyb barely misses you.
Aiming: Magic Dart (safe; 1% risk of failure)
Press: ? - help, Q - select action Shift-Dir - straight line, f/p - Ijyb
Aim: Ijyb, wielding a +0 dagger, wearing a +0 ring mail and carrying a wand of polymorph (7) (lightly wounded, fast, 100% to hit)
The magic dart hits Ijyb but does no damage.
Ijyb is lightly wounded.
Ijyb hits you with a +0 dagger. x2
Aiming: Magic Dart (safe; 1% risk of failure)
Press: ? - help, Q - select action Shift-Dir - straight line, f/p - Ijyb
Aim: Ijyb, wielding a +0 dagger, wearing a +0 ring mail and carrying a wand of polymorph (7) (lightly wounded, fast, 100% to hit)
The magic dart hits Ijyb but does no damage.
Ijyb is lightly wounded.
Ijyb hits you with a +0 dagger.
You don't have enough magic to cast this spell.
You don't have enough magic to cast this spell.
You completely miss Ijyb.
Ijyb is lightly wounded.
Ijyb hits you but does no damage.
Ijyb zaps a wand.
You turn into a filthy swine.
Your +0 mace melds into your body.
Your +0 helmet melds into your body.
Your +0 robe melds into your body.
Ijyb attacks as you move away! Ijyb barely misses you.
Ijyb hits you with a +0 dagger.
* * * LOW HITPOINT WARNING * * *
Ijyb attacks as you move away! Ijyb hits you with a +0 dagger.
You die...

#..####.######...>...
#....##.# .#..##.
#.##.##.# .#..#
#.......# .#
##.#.##.# #.#..#.#
#.##.#.#####
#..........#
####.#h###.# #...g..#
#......#
#......#8.....8#
####g###.......#
#.g.#8....!8#
###.#.......#
#g#8g)...8#
#.#.gg....#


You could see Ijyb (fast) and 2 goblins.

Vanquished Creatures
  A ball python (D:1)
  5 endoplasms
  A giant cockroach (D:2)
  3 hobgoblins
  2 quokkas
  2 frilled lizards (D:1)
  5 goblins (D:2)
  3 kobolds (D:1)
  2 rats
24 creatures vanquished.

Notes
Turn   | Place    | Note
-------+----------+-------------------------------------------
     0 | D:1      | cheesebisquit the Gargoyle Conjurer began the quest for the
                  | Orb.
     0 | D:1      | Reached XP level 1. HP: 10/10 MP: 3/3
   248 | D:1      | Reached XP level 2. HP: 15/15 MP: 1/5
   617 | D:1      | Found a faded altar of an unknown god.
   921 | D:2      | Reached skill level 5 in Conjurations
  1071 | D:2      | Noticed Ijyb
  1074 | D:2      | Reached XP level 3. HP: 19/19 MP: 4/6
  1105 | D:2      | Slain by Ijyb

Illustrated notes

Levels and vault maps discovered:
D:1:      lightli_arrival_noodles, layout_basic, serial_forest,
          infiniplex_forest_corner_1, infiniplex_forest_straight_2,
          infiniplex_forest_clump_small, infiniplex_forest_lined_4_way,
          infiniplex_forest_clump_cross, infiniplex_forest_zigzag_2,
          infiniplex_forest_lined_room_2, hellmonk_ecumenical_altar_arch_garden
D:2:      kennysheep_the_goblin_king, layout_loops_cross,
          hangedman_decor_riveting, uniq_crazy_yiuf_cottage

Skill      XL: |  1  2 |
---------------+-------+-----
Conjurations   | 5 |  5.1
Dodging        | |  1.5
Stealth        | |  2.1
Spellcasting   | |  2.4

Action                     || total
---------------------------++-------
  Melee: Club              ||     1
         Mace              ||     7
   Cast: Magic Dart        ||    43
    Use: Potion            ||     1
 Armour: Robe              ||     5
  Dodge: Dodged            ||     9

Table legend: (Time is in decaauts)
 A = Elapsed time spent in this place.
 B = Non-inter-level travel time spent in this place.
 C = Inter-level travel time spent in this place.
 D = Time resting spent in this place.
 E = Time spent auto-exploring this place.
 F = Levels seen in this place.
 G = Mean time per level.
                   A        B        C        D        E       F      G
               +--------+--------+--------+--------+--------+-----+--------+
         Total |   1105 |   1085 |     20 |      0 |    921 |   2 |  552.5 |
       Dungeon |   1105 |   1085 |     20 |      0 |    921 |   2 |  552.5 |
               +--------+--------+--------+--------+--------+-----+--------+

Top non-repeatable levels by time:
     D:1: 845 daAuts
     D:2: 260 daAuts
